%YAML 1.1
%TAG !u! tag:unity3d.com,2011:
--- !u!29 &1
OcclusionCullingSettings:
  m_ObjectHideFlags: 0
  serializedVersion: 2
  m_OcclusionBakeSettings:
    smallestOccluder: 5
    smallestHole: 0.25
    backfaceThreshold: 100
  m_SceneGUID: 00000000000000000000000000000000
  m_OcclusionCullingData: {fileID: 0}
--- !u!104 &2
RenderSettings:
  m_ObjectHideFlags: 0
  serializedVersion: 9
  m_Fog: 0
  m_FogColor: {r: 0.5, g: 0.5, b: 0.5, a: 1}
  m_FogMode: 3
  m_FogDensity: 0.01
  m_LinearFogStart: 0
  m_LinearFogEnd: 300
  m_AmbientSkyColor: {r: 0.212, g: 0.227, b: 0.259, a: 1}
  m_AmbientEquatorColor: {r: 0.114, g: 0.125, b: 0.133, a: 1}
  m_AmbientGroundColor: {r: 0.047, g: 0.043, b: 0.035, a: 1}
  m_AmbientIntensity: 1
  m_AmbientMode: 0
  m_SubtractiveShadowColor: {r: 0.42, g: 0.478, b: 0.627, a: 1}
  m_SkyboxMaterial: {fileID: 10304, guid: 0000000000000000f000000000000000, type: 0}
  m_HaloStrength: 0.5
  m_FlareStrength: 1
  m_FlareFadeSpeed: 3
  m_HaloTexture: {fileID: 0}
  m_SpotCookie: {fileID: 10001, guid: 0000000000000000e000000000000000, type: 0}
  m_DefaultReflectionMode: 0
  m_DefaultReflectionResolution: 128
  m_ReflectionBounces: 1
  m_ReflectionIntensity: 1
  m_CustomReflection: {fileID: 0}
  m_Sun: {fileID: 0}
  m_IndirectSpecularColor: {r: 0, g: 0, b: 0, a: 1}
  m_UseRadianceAmbientProbe: 0
--- !u!157 &3
LightmapSettings:
  m_ObjectHideFlags: 0
  serializedVersion: 11
  m_GIWorkflowMode: 1
  m_GISettings:
    serializedVersion: 2
    m_BounceScale: 1
    m_IndirectOutputScale: 1
    m_AlbedoBoost: 1
    m_EnvironmentLightingMode: 0
    m_EnableBakedLightmaps: 1
    m_EnableRealtimeLightmaps: 0
  m_LightmapEditorSettings:
    serializedVersion: 12
    m_Resolution: 2
    m_BakeResolution: 40
    m_AtlasSize: 1024
    m_AO: 0
    m_AOMaxDistance: 1
    m_CompAOExponent: 1
    m_CompAOExponentDirect: 0
    m_ExtractAmbientOcclusion: 0
    m_Padding: 2
    m_LightmapParameters: {fileID: 0}
    m_LightmapsBakeMode: 1
    m_TextureCompression: 1
    m_FinalGather: 0
    m_FinalGatherFiltering: 1
    m_FinalGatherRayCount: 256
    m_ReflectionCompression: 2
    m_MixedBakeMode: 2
    m_BakeBackend: 1
    m_PVRSampling: 1
    m_PVRDirectSampleCount: 32
    m_PVRSampleCount: 512
    m_PVRBounces: 2
    m_PVREnvironmentSampleCount: 256
    m_PVREnvironmentReferencePointCount: 2048
    m_PVRFilteringMode: 1
    m_PVRDenoiserTypeDirect: 1
    m_PVRDenoiserTypeIndirect: 1
    m_PVRDenoiserTypeAO: 1
    m_PVRFilterTypeDirect: 0
    m_PVRFilterTypeIndirect: 0
    m_PVRFilterTypeAO: 0
    m_PVREnvironmentMIS: 1
    m_PVRCulling: 1
    m_PVRFilteringGaussRadiusDirect: 1
    m_PVRFilteringGaussRadiusIndirect: 5
    m_PVRFilteringGaussRadiusAO: 2
    m_PVRFilteringAtrousPositionSigmaDirect: 0.5
    m_PVRFilteringAtrousPositionSigmaIndirect: 2
    m_PVRFilteringAtrousPositionSigmaAO: 1
    m_ExportTrainingData: 0
    m_TrainingDataDestination: TrainingData
    m_LightProbeSampleCountMultiplier: 4
  m_LightingDataAsset: {fileID: 0}
  m_UseShadowmask: 1
--- !u!196 &4
NavMeshSettings:
  serializedVersion: 2
  m_ObjectHideFlags: 0
  m_BuildSettings:
    serializedVersion: 2
    agentTypeID: 0
    agentRadius: 0.5
    agentHeight: 2
    agentSlope: 45
    agentClimb: 0.4
    ledgeDropHeight: 0
    maxJumpAcrossDistance: 0
    minRegionArea: 2
    manualCellSize: 0
    cellSize: 0.16666667
    manualTileSize: 0
    tileSize: 256
    accuratePlacement: 0
    debug:
      m_Flags: 0
  m_NavMeshData: {fileID: 0}
--- !u!1 &31213168
GameObject:
  m_ObjectHideFlags: 0
  m_CorrespondingSourceObject: {fileID: 0}
  m_PrefabInstance: {fileID: 0}
  m_PrefabAsset: {fileID: 0}
  serializedVersion: 6
  m_Component:
  - component: {fileID: 31213169}
  - component: {fileID: 31213171}
  - component: {fileID: 31213170}
  m_Layer: 5
  m_Name: Image
  m_TagString: Untagged
  m_Icon: {fileID: 0}
  m_NavMeshLayer: 0
  m_StaticEditorFlags: 0
  m_IsActive: 1
--- !u!224 &31213169
RectTransform:
  m_ObjectHideFlags: 0
  m_CorrespondingSourceObject: {fileID: 0}
  m_PrefabInstance: {fileID: 0}
  m_PrefabAsset: {fileID: 0}
  m_GameObject: {fileID: 31213168}
  m_LocalRotation: {x: -0, y: -0, z: -0, w: 1}
  m_LocalPosition: {x: 0, y: 0, z: 0}
  m_LocalScale: {x: 1, y: 1, z: 1}
  m_Children: []
  m_Father: {fileID: 1969489607}
  m_RootOrder: 0
  m_LocalEulerAnglesHint: {x: 0, y: 0, z: 0}
  m_AnchorMin: {x: 0.5, y: 0.5}
  m_AnchorMax: {x: 0.5, y: 0.5}
  m_AnchoredPosition: {x: 0, y: 0}
  m_SizeDelta: {x: 1920, y: 1080}
  m_Pivot: {x: 0.5, y: 0.5}
--- !u!114 &31213170
MonoBehaviour:
  m_ObjectHideFlags: 0
  m_CorrespondingSourceObject: {fileID: 0}
  m_PrefabInstance: {fileID: 0}
  m_PrefabAsset: {fileID: 0}
  m_GameObject: {fileID: 31213168}
  m_Enabled: 1
  m_EditorHideFlags: 0
  m_Script: {fileID: 11500000, guid: fe87c0e1cc204ed48ad3b37840f39efc, type: 3}
  m_Name: 
  m_EditorClassIdentifier: 
  m_Material: {fileID: 0}
  m_Color: {r: 1, g: 1, b: 1, a: 1}
  m_RaycastTarget: 1
  m_Maskable: 1
  m_OnCullStateChanged:
    m_PersistentCalls:
      m_Calls: []
  m_Sprite: {fileID: 21300000, guid: 7f31c50df7716ee4abe3102daadf2abc, type: 3}
  m_Type: 0
  m_PreserveAspect: 0
  m_FillCenter: 1
  m_FillMethod: 4
  m_FillAmount: 1
  m_FillClockwise: 1
  m_FillOrigin: 0
  m_UseSpriteMesh: 0
  m_PixelsPerUnitMultiplier: 1
--- !u!222 &31213171
CanvasRenderer:
  m_ObjectHideFlags: 0
  m_CorrespondingSourceObject: {fileID: 0}
  m_PrefabInstance: {fileID: 0}
  m_PrefabAsset: {fileID: 0}
  m_GameObject: {fileID: 31213168}
  m_CullTransparentMesh: 0
--- !u!1 &607494276
GameObject:
  m_ObjectHideFlags: 0
  m_CorrespondingSourceObject: {fileID: 0}
  m_PrefabInstance: {fileID: 0}
  m_PrefabAsset: {fileID: 0}
  serializedVersion: 6
  m_Component:
  - component: {fileID: 607494279}
  - component: {fileID: 607494278}
  - component: {fileID: 607494277}
  - component: {fileID: 607494280}
  m_Layer: 0
  m_Name: Main Camera
  m_TagString: MainCamera
  m_Icon: {fileID: 0}
  m_NavMeshLayer: 0
  m_StaticEditorFlags: 0
  m_IsActive: 1
--- !u!114 &607494277
MonoBehaviour:
  m_ObjectHideFlags: 0
  m_CorrespondingSourceObject: {fileID: 0}
  m_PrefabInstance: {fileID: 0}
  m_PrefabAsset: {fileID: 0}
  m_GameObject: {fileID: 607494276}
  m_Enabled: 1
  m_EditorHideFlags: 0
  m_Script: {fileID: 11500000, guid: 86c6556701af9e04380698b89f691b6e, type: 3}
  m_Name: 
  m_EditorClassIdentifier: 
  attenuationObject: {fileID: 0}
  ListenerNumber: -1
--- !u!20 &607494278
Camera:
  m_ObjectHideFlags: 0
  m_CorrespondingSourceObject: {fileID: 0}
  m_PrefabInstance: {fileID: 0}
  m_PrefabAsset: {fileID: 0}
  m_GameObject: {fileID: 607494276}
  m_Enabled: 1
  serializedVersion: 2
  m_ClearFlags: 2
  m_BackGroundColor: {r: 0.1509434, g: 0.1509434, b: 0.1509434, a: 0}
  m_projectionMatrixMode: 1
  m_GateFitMode: 2
  m_FOVAxisMode: 0
  m_SensorSize: {x: 36, y: 24}
  m_LensShift: {x: 0, y: 0}
  m_FocalLength: 50
  m_NormalizedViewPortRect:
    serializedVersion: 2
    x: 0
    y: 0
    width: 1
    height: 1
  near clip plane: 0.3
  far clip plane: 1000
  field of view: 60
  orthographic: 1
  orthographic size: 12.23
  m_Depth: -1
  m_CullingMask:
    serializedVersion: 2
    m_Bits: 4294967295
  m_RenderingPath: -1
  m_TargetTexture: {fileID: 0}
  m_TargetDisplay: 0
  m_TargetEye: 3
  m_HDR: 1
  m_AllowMSAA: 1
  m_AllowDynamicResolution: 0
  m_ForceIntoRT: 0
  m_OcclusionCulling: 1
  m_StereoConvergence: 10
  m_StereoSeparation: 0.022
--- !u!4 &607494279
Transform:
  m_ObjectHideFlags: 0
  m_CorrespondingSourceObject: {fileID: 0}
  m_PrefabInstance: {fileID: 0}
  m_PrefabAsset: {fileID: 0}
  m_GameObject: {fileID: 607494276}
  m_LocalRotation: {x: 0, y: 0, z: 0, w: 1}
  m_LocalPosition: {x: 0, y: 1, z: -27.8}
  m_LocalScale: {x: 1, y: 1, z: 1}
  m_Children: []
  m_Father: {fileID: 0}
  m_RootOrder: 0
  m_LocalEulerAnglesHint: {x: 0, y: 0, z: 0}
--- !u!114 &607494280
MonoBehaviour:
  m_ObjectHideFlags: 0
  m_CorrespondingSourceObject: {fileID: 0}
  m_PrefabInstance: {fileID: 0}
  m_PrefabAsset: {fileID: 0}
  m_GameObject: {fileID: 607494276}
  m_Enabled: 1
  m_EditorHideFlags: 0
  m_Script: {fileID: 11500000, guid: 9a6610d2e704f1648819acc8d7460285, type: 3}
  m_Name: 
  m_EditorClassIdentifier: 
  CollisionTag: 
  Event: event:/RDC+Etage1
  PlayEvent: 1
  StopEvent: 0
  AllowFadeout: 1
  TriggerOnce: 0
  Preload: 0
  Params: []
  OverrideAttenuation: 0
  OverrideMinDistance: 1
  OverrideMaxDistance: 20
--- !u!1 &719660324 stripped
GameObject:
  m_CorrespondingSourceObject: {fileID: 2286886669854010986, guid: 94a067f652d0e8f4d92b389fbf064fe0,
    type: 3}
  m_PrefabInstance: {fileID: 2286886670233783118}
  m_PrefabAsset: {fileID: 0}
--- !u!1001 &835388276
PrefabInstance:
  m_ObjectHideFlags: 0
  serializedVersion: 2
  m_Modification:
    m_TransformParent: {fileID: 1709030800}
    m_Modifications:
    - target: {fileID: 2770175949384278556, guid: c557b48b1a168a541b0f775bce755045,
        type: 3}
      propertyPath: m_Name
      value: QuitButton
      objectReference: {fileID: 0}
    - target: {fileID: 2770175949384278558, guid: c557b48b1a168a541b0f775bce755045,
        type: 3}
      propertyPath: m_text
      value: 'Quitter

'
      objectReference: {fileID: 0}
    - target: {fileID: 2770175949384278558, guid: c557b48b1a168a541b0f775bce755045,
        type: 3}
      propertyPath: m_fontColor.b
      value: 0.19215687
      objectReference: {fileID: 0}
    - target: {fileID: 2770175949384278558, guid: c557b48b1a168a541b0f775bce755045,
        type: 3}
      propertyPath: m_fontColor.g
      value: 0.63529414
      objectReference: {fileID: 0}
    - target: {fileID: 2770175949384278558, guid: c557b48b1a168a541b0f775bce755045,
        type: 3}
      propertyPath: m_fontColor.r
      value: 1
      objectReference: {fileID: 0}
    - target: {fileID: 2770175949384278558, guid: c557b48b1a168a541b0f775bce755045,
        type: 3}
      propertyPath: m_fontColor32.rgba
      value: 4281443071
      objectReference: {fileID: 0}
    - target: {fileID: 2770175949384278558, guid: c557b48b1a168a541b0f775bce755045,
        type: 3}
      propertyPath: m_enableVertexGradient
      value: 0
      objectReference: {fileID: 0}
    - target: {fileID: 2770175949384278559, guid: c557b48b1a168a541b0f775bce755045,
        type: 3}
      propertyPath: m_SizeDelta.y
      value: 0
      objectReference: {fileID: 0}
    - target: {fileID: 2770175949384278559, guid: c557b48b1a168a541b0f775bce755045,
        type: 3}
      propertyPath: m_AnchoredPosition.y
      value: 0
      objectReference: {fileID: 0}
    - target: {fileID: 2770175949939337242, guid: c557b48b1a168a541b0f775bce755045,
        type: 3}
      propertyPath: m_Pivot.x
      value: 0.5
      objectReference: {fileID: 0}
    - target: {fileID: 2770175949939337242, guid: c557b48b1a168a541b0f775bce755045,
        type: 3}
      propertyPath: m_Pivot.y
      value: 0.5
      objectReference: {fileID: 0}
    - target: {fileID: 2770175949939337242, guid: c557b48b1a168a541b0f775bce755045,
        type: 3}
      propertyPath: m_RootOrder
      value: 2
      objectReference: {fileID: 0}
    - target: {fileID: 2770175949939337242, guid: c557b48b1a168a541b0f775bce755045,
        type: 3}
      propertyPath: m_AnchorMax.x
      value: 0.5
      objectReference: {fileID: 0}
    - target: {fileID: 2770175949939337242, guid: c557b48b1a168a541b0f775bce755045,
        type: 3}
      propertyPath: m_AnchorMax.y
      value: 0.5
      objectReference: {fileID: 0}
    - target: {fileID: 2770175949939337242, guid: c557b48b1a168a541b0f775bce755045,
        type: 3}
      propertyPath: m_AnchorMin.x
      value: 0.5
      objectReference: {fileID: 0}
    - target: {fileID: 2770175949939337242, guid: c557b48b1a168a541b0f775bce755045,
        type: 3}
      propertyPath: m_AnchorMin.y
      value: 0.5
      objectReference: {fileID: 0}
    - target: {fileID: 2770175949939337242, guid: c557b48b1a168a541b0f775bce755045,
        type: 3}
      propertyPath: m_SizeDelta.x
      value: 195.6
      objectReference: {fileID: 0}
    - target: {fileID: 2770175949939337242, guid: c557b48b1a168a541b0f775bce755045,
        type: 3}
      propertyPath: m_SizeDelta.y
      value: 54.8
      objectReference: {fileID: 0}
    - target: {fileID: 2770175949939337242, guid: c557b48b1a168a541b0f775bce755045,
        type: 3}
      propertyPath: m_LocalPosition.x
      value: 0
      objectReference: {fileID: 0}
    - target: {fileID: 2770175949939337242, guid: c557b48b1a168a541b0f775bce755045,
        type: 3}
      propertyPath: m_LocalPosition.y
      value: 0
      objectReference: {fileID: 0}
    - target: {fileID: 2770175949939337242, guid: c557b48b1a168a541b0f775bce755045,
        type: 3}
      propertyPath: m_LocalPosition.z
      value: 0
      objectReference: {fileID: 0}
    - target: {fileID: 2770175949939337242, guid: c557b48b1a168a541b0f775bce755045,
        type: 3}
      propertyPath: m_LocalRotation.w
      value: 1
      objectReference: {fileID: 0}
    - target: {fileID: 2770175949939337242, guid: c557b48b1a168a541b0f775bce755045,
        type: 3}
      propertyPath: m_LocalRotation.x
      value: -0
      objectReference: {fileID: 0}
    - target: {fileID: 2770175949939337242, guid: c557b48b1a168a541b0f775bce755045,
        type: 3}
      propertyPath: m_LocalRotation.y
      value: -0
      objectReference: {fileID: 0}
    - target: {fileID: 2770175949939337242, guid: c557b48b1a168a541b0f775bce755045,
        type: 3}
      propertyPath: m_LocalRotation.z
      value: -0
      objectReference: {fileID: 0}
    - target: {fileID: 2770175949939337242, guid: c557b48b1a168a541b0f775bce755045,
        type: 3}
      propertyPath: m_AnchoredPosition.x
      value: 372
      objectReference: {fileID: 0}
    - target: {fileID: 2770175949939337242, guid: c557b48b1a168a541b0f775bce755045,
        type: 3}
      propertyPath: m_AnchoredPosition.y
      value: -100
      objectReference: {fileID: 0}
    - target: {fileID: 2770175949939337242, guid: c557b48b1a168a541b0f775bce755045,
        type: 3}
      propertyPath: m_LocalEulerAnglesHint.x
      value: 0
      objectReference: {fileID: 0}
    - target: {fileID: 2770175949939337242, guid: c557b48b1a168a541b0f775bce755045,
        type: 3}
      propertyPath: m_LocalEulerAnglesHint.y
      value: 0
      objectReference: {fileID: 0}
    - target: {fileID: 2770175949939337242, guid: c557b48b1a168a541b0f775bce755045,
        type: 3}
      propertyPath: m_LocalEulerAnglesHint.z
      value: 0
      objectReference: {fileID: 0}
    - target: {fileID: 2770175949939337243, guid: c557b48b1a168a541b0f775bce755045,
        type: 3}
      propertyPath: m_Name
      value: QuitButton
      objectReference: {fileID: 0}
    - target: {fileID: 2770175949939337244, guid: c557b48b1a168a541b0f775bce755045,
        type: 3}
      propertyPath: m_Color.a
      value: 0
      objectReference: {fileID: 0}
    - target: {fileID: 2770175949939337244, guid: c557b48b1a168a541b0f775bce755045,
        type: 3}
      propertyPath: m_Color.b
      value: 0.22745098
      objectReference: {fileID: 0}
    - target: {fileID: 2770175949939337244, guid: c557b48b1a168a541b0f775bce755045,
        type: 3}
      propertyPath: m_Color.g
      value: 0.22745098
      objectReference: {fileID: 0}
    - target: {fileID: 2770175949939337244, guid: c557b48b1a168a541b0f775bce755045,
        type: 3}
      propertyPath: m_Color.r
      value: 0.22745098
      objectReference: {fileID: 0}
    - target: {fileID: 2770175949939337245, guid: c557b48b1a168a541b0f775bce755045,
        type: 3}
      propertyPath: m_Transition
      value: 3
      objectReference: {fileID: 0}
    - target: {fileID: 2770175949939337245, guid: c557b48b1a168a541b0f775bce755045,
        type: 3}
      propertyPath: m_Navigation.m_SelectOnUp
      value: 
      objectReference: {fileID: 1260702862}
    - target: {fileID: 2770175949939337245, guid: c557b48b1a168a541b0f775bce755045,
        type: 3}
      propertyPath: m_Navigation.m_SelectOnDown
      value: 
      objectReference: {fileID: 0}
    - target: {fileID: 2770175949939337245, guid: c557b48b1a168a541b0f775bce755045,
        type: 3}
      propertyPath: m_OnClick.m_PersistentCalls.m_Calls.Array.size
      value: 1
      objectReference: {fileID: 0}
    - target: {fileID: 2770175949939337245, guid: c557b48b1a168a541b0f775bce755045,
        type: 3}
      propertyPath: m_OnClick.m_PersistentCalls.m_Calls.Array.data[0].m_Mode
      value: 1
      objectReference: {fileID: 0}
    - target: {fileID: 2770175949939337245, guid: c557b48b1a168a541b0f775bce755045,
        type: 3}
      propertyPath: m_OnClick.m_PersistentCalls.m_Calls.Array.data[0].m_Target
      value: 
      objectReference: {fileID: 1969489608}
    - target: {fileID: 2770175949939337245, guid: c557b48b1a168a541b0f775bce755045,
        type: 3}
      propertyPath: m_OnClick.m_PersistentCalls.m_Calls.Array.data[0].m_CallState
      value: 2
      objectReference: {fileID: 0}
    - target: {fileID: 2770175949939337245, guid: c557b48b1a168a541b0f775bce755045,
        type: 3}
      propertyPath: m_OnClick.m_PersistentCalls.m_Calls.Array.data[0].m_MethodName
      value: QuiButton
      objectReference: {fileID: 0}
    - target: {fileID: 2770175949939337245, guid: c557b48b1a168a541b0f775bce755045,
        type: 3}
      propertyPath: m_OnClick.m_PersistentCalls.m_Calls.Array.data[0].m_Arguments.m_ObjectArgumentAssemblyTypeName
      value: UnityEngine.Object, UnityEngine
      objectReference: {fileID: 0}
    m_RemovedComponents: []
  m_SourcePrefab: {fileID: 100100000, guid: c557b48b1a168a541b0f775bce755045, type: 3}
--- !u!95 &978497365
Animator:
  serializedVersion: 3
  m_ObjectHideFlags: 0
  m_CorrespondingSourceObject: {fileID: 0}
  m_PrefabInstance: {fileID: 0}
  m_PrefabAsset: {fileID: 0}
  m_GameObject: {fileID: 2770175949121907567}
  m_Enabled: 1
  m_Avatar: {fileID: 0}
  m_Controller: {fileID: 9100000, guid: 8ed88bdecb330524e9bda82ab3163062, type: 2}
  m_CullingMode: 0
  m_UpdateMode: 0
  m_ApplyRootMotion: 0
  m_LinearVelocityBlending: 0
  m_WarningMessage: 
  m_HasTransformHierarchy: 1
  m_AllowConstantClipSamplingOptimization: 1
  m_KeepAnimatorControllerStateOnDisable: 0
--- !u!1001 &1069183720
PrefabInstance:
  m_ObjectHideFlags: 0
  serializedVersion: 2
  m_Modification:
    m_TransformParent: {fileID: 1709030800}
    m_Modifications:
    - target: {fileID: 2770175949384278556, guid: c557b48b1a168a541b0f775bce755045,
        type: 3}
      propertyPath: m_Name
      value: OptionButton
      objectReference: {fileID: 0}
    - target: {fileID: 2770175949384278558, guid: c557b48b1a168a541b0f775bce755045,
        type: 3}
      propertyPath: m_text
      value: Options
      objectReference: {fileID: 0}
    - target: {fileID: 2770175949384278558, guid: c557b48b1a168a541b0f775bce755045,
        type: 3}
      propertyPath: m_margin.z
      value: -30.32052
      objectReference: {fileID: 0}
    - target: {fileID: 2770175949384278558, guid: c557b48b1a168a541b0f775bce755045,
        type: 3}
      propertyPath: m_fontColor.b
      value: 0.19215687
      objectReference: {fileID: 0}
    - target: {fileID: 2770175949384278558, guid: c557b48b1a168a541b0f775bce755045,
        type: 3}
      propertyPath: m_fontColor.g
      value: 0.63529414
      objectReference: {fileID: 0}
    - target: {fileID: 2770175949384278558, guid: c557b48b1a168a541b0f775bce755045,
        type: 3}
      propertyPath: m_fontColor.r
      value: 1
      objectReference: {fileID: 0}
    - target: {fileID: 2770175949384278558, guid: c557b48b1a168a541b0f775bce755045,
        type: 3}
      propertyPath: m_fontColor32.rgba
      value: 4281443071
      objectReference: {fileID: 0}
    - target: {fileID: 2770175949384278558, guid: c557b48b1a168a541b0f775bce755045,
        type: 3}
      propertyPath: m_enableVertexGradient
      value: 0
      objectReference: {fileID: 0}
    - target: {fileID: 2770175949939337242, guid: c557b48b1a168a541b0f775bce755045,
        type: 3}
      propertyPath: m_Pivot.x
      value: 0.5
      objectReference: {fileID: 0}
    - target: {fileID: 2770175949939337242, guid: c557b48b1a168a541b0f775bce755045,
        type: 3}
      propertyPath: m_Pivot.y
      value: 0.5
      objectReference: {fileID: 0}
    - target: {fileID: 2770175949939337242, guid: c557b48b1a168a541b0f775bce755045,
        type: 3}
      propertyPath: m_RootOrder
      value: 1
      objectReference: {fileID: 0}
    - target: {fileID: 2770175949939337242, guid: c557b48b1a168a541b0f775bce755045,
        type: 3}
      propertyPath: m_AnchorMax.x
      value: 0.5
      objectReference: {fileID: 0}
    - target: {fileID: 2770175949939337242, guid: c557b48b1a168a541b0f775bce755045,
        type: 3}
      propertyPath: m_AnchorMax.y
      value: 0.5
      objectReference: {fileID: 0}
    - target: {fileID: 2770175949939337242, guid: c557b48b1a168a541b0f775bce755045,
        type: 3}
      propertyPath: m_AnchorMin.x
      value: 0.5
      objectReference: {fileID: 0}
    - target: {fileID: 2770175949939337242, guid: c557b48b1a168a541b0f775bce755045,
        type: 3}
      propertyPath: m_AnchorMin.y
      value: 0.5
      objectReference: {fileID: 0}
    - target: {fileID: 2770175949939337242, guid: c557b48b1a168a541b0f775bce755045,
        type: 3}
      propertyPath: m_SizeDelta.x
      value: 195.6
      objectReference: {fileID: 0}
    - target: {fileID: 2770175949939337242, guid: c557b48b1a168a541b0f775bce755045,
        type: 3}
      propertyPath: m_SizeDelta.y
      value: 54.8
      objectReference: {fileID: 0}
    - target: {fileID: 2770175949939337242, guid: c557b48b1a168a541b0f775bce755045,
        type: 3}
      propertyPath: m_LocalPosition.x
      value: 0
      objectReference: {fileID: 0}
    - target: {fileID: 2770175949939337242, guid: c557b48b1a168a541b0f775bce755045,
        type: 3}
      propertyPath: m_LocalPosition.y
      value: 0
      objectReference: {fileID: 0}
    - target: {fileID: 2770175949939337242, guid: c557b48b1a168a541b0f775bce755045,
        type: 3}
      propertyPath: m_LocalPosition.z
      value: 0
      objectReference: {fileID: 0}
    - target: {fileID: 2770175949939337242, guid: c557b48b1a168a541b0f775bce755045,
        type: 3}
      propertyPath: m_LocalRotation.w
      value: 1
      objectReference: {fileID: 0}
    - target: {fileID: 2770175949939337242, guid: c557b48b1a168a541b0f775bce755045,
        type: 3}
      propertyPath: m_LocalRotation.x
      value: -0
      objectReference: {fileID: 0}
    - target: {fileID: 2770175949939337242, guid: c557b48b1a168a541b0f775bce755045,
        type: 3}
      propertyPath: m_LocalRotation.y
      value: -0
      objectReference: {fileID: 0}
    - target: {fileID: 2770175949939337242, guid: c557b48b1a168a541b0f775bce755045,
        type: 3}
      propertyPath: m_LocalRotation.z
      value: -0
      objectReference: {fileID: 0}
    - target: {fileID: 2770175949939337242, guid: c557b48b1a168a541b0f775bce755045,
        type: 3}
      propertyPath: m_AnchoredPosition.x
      value: 372
      objectReference: {fileID: 0}
    - target: {fileID: 2770175949939337242, guid: c557b48b1a168a541b0f775bce755045,
        type: 3}
      propertyPath: m_AnchoredPosition.y
      value: 0
      objectReference: {fileID: 0}
    - target: {fileID: 2770175949939337242, guid: c557b48b1a168a541b0f775bce755045,
        type: 3}
      propertyPath: m_LocalEulerAnglesHint.x
      value: 0
      objectReference: {fileID: 0}
    - target: {fileID: 2770175949939337242, guid: c557b48b1a168a541b0f775bce755045,
        type: 3}
      propertyPath: m_LocalEulerAnglesHint.y
      value: 0
      objectReference: {fileID: 0}
    - target: {fileID: 2770175949939337242, guid: c557b48b1a168a541b0f775bce755045,
        type: 3}
      propertyPath: m_LocalEulerAnglesHint.z
      value: 0
      objectReference: {fileID: 0}
    - target: {fileID: 2770175949939337243, guid: c557b48b1a168a541b0f775bce755045,
        type: 3}
      propertyPath: m_Name
      value: OptionButton
      objectReference: {fileID: 0}
    - target: {fileID: 2770175949939337245, guid: c557b48b1a168a541b0f775bce755045,
        type: 3}
      propertyPath: m_Transition
      value: 3
      objectReference: {fileID: 0}
    - target: {fileID: 2770175949939337245, guid: c557b48b1a168a541b0f775bce755045,
        type: 3}
      propertyPath: m_Navigation.m_Mode
      value: 4
      objectReference: {fileID: 0}
    - target: {fileID: 2770175949939337245, guid: c557b48b1a168a541b0f775bce755045,
        type: 3}
      propertyPath: m_Navigation.m_SelectOnUp
      value: 
      objectReference: {fileID: 1820843423}
    - target: {fileID: 2770175949939337245, guid: c557b48b1a168a541b0f775bce755045,
        type: 3}
      propertyPath: m_Navigation.m_SelectOnDown
      value: 
      objectReference: {fileID: 2770175949121907561}
    - target: {fileID: 2770175949939337245, guid: c557b48b1a168a541b0f775bce755045,
        type: 3}
      propertyPath: m_OnClick.m_PersistentCalls.m_Calls.Array.size
      value: 1
      objectReference: {fileID: 0}
    - target: {fileID: 2770175949939337245, guid: c557b48b1a168a541b0f775bce755045,
        type: 3}
      propertyPath: m_OnClick.m_PersistentCalls.m_Calls.Array.data[0].m_Mode
      value: 1
      objectReference: {fileID: 0}
    - target: {fileID: 2770175949939337245, guid: c557b48b1a168a541b0f775bce755045,
        type: 3}
      propertyPath: m_OnClick.m_PersistentCalls.m_Calls.Array.data[0].m_Target
      value: 
      objectReference: {fileID: 1969489608}
    - target: {fileID: 2770175949939337245, guid: c557b48b1a168a541b0f775bce755045,
        type: 3}
      propertyPath: m_OnClick.m_PersistentCalls.m_Calls.Array.data[0].m_CallState
      value: 2
      objectReference: {fileID: 0}
    - target: {fileID: 2770175949939337245, guid: c557b48b1a168a541b0f775bce755045,
        type: 3}
      propertyPath: m_OnClick.m_PersistentCalls.m_Calls.Array.data[0].m_MethodName
      value: OptionButton
      objectReference: {fileID: 0}
    - target: {fileID: 2770175949939337245, guid: c557b48b1a168a541b0f775bce755045,
        type: 3}
      propertyPath: m_OnClick.m_PersistentCalls.m_Calls.Array.data[0].m_Arguments.m_ObjectArgumentAssemblyTypeName
      value: UnityEngine.Object, UnityEngine
      objectReference: {fileID: 0}
    m_RemovedComponents: []
  m_SourcePrefab: {fileID: 100100000, guid: c557b48b1a168a541b0f775bce755045, type: 3}
--- !u!1 &1157522820
GameObject:
  m_ObjectHideFlags: 0
  m_CorrespondingSourceObject: {fileID: 0}
  m_PrefabInstance: {fileID: 0}
  m_PrefabAsset: {fileID: 0}
  serializedVersion: 6
  m_Component:
  - component: {fileID: 1157522822}
  - component: {fileID: 1157522821}
  m_Layer: 0
  m_Name: Directional Light
  m_TagString: Untagged
  m_Icon: {fileID: 0}
  m_NavMeshLayer: 0
  m_StaticEditorFlags: 0
  m_IsActive: 1
--- !u!108 &1157522821
Light:
  m_ObjectHideFlags: 0
  m_CorrespondingSourceObject: {fileID: 0}
  m_PrefabInstance: {fileID: 0}
  m_PrefabAsset: {fileID: 0}
  m_GameObject: {fileID: 1157522820}
  m_Enabled: 1
  serializedVersion: 10
  m_Type: 1
  m_Shape: 0
  m_Color: {r: 0, g: 0, b: 0, a: 1}
  m_Intensity: 1
  m_Range: 10
  m_SpotAngle: 30
  m_InnerSpotAngle: 21.80208
  m_CookieSize: 10
  m_Shadows:
    m_Type: 2
    m_Resolution: -1
    m_CustomResolution: -1
    m_Strength: 1
    m_Bias: 0.05
    m_NormalBias: 0.4
    m_NearPlane: 0.2
    m_CullingMatrixOverride:
      e00: 1
      e01: 0
      e02: 0
      e03: 0
      e10: 0
      e11: 1
      e12: 0
      e13: 0
      e20: 0
      e21: 0
      e22: 1
      e23: 0
      e30: 0
      e31: 0
      e32: 0
      e33: 1
    m_UseCullingMatrixOverride: 0
  m_Cookie: {fileID: 0}
  m_DrawHalo: 0
  m_Flare: {fileID: 0}
  m_RenderMode: 0
  m_CullingMask:
    serializedVersion: 2
    m_Bits: 4294967295
  m_RenderingLayerMask: 1
  m_Lightmapping: 4
  m_LightShadowCasterMode: 0
  m_AreaSize: {x: 1, y: 1}
  m_BounceIntensity: 1
  m_ColorTemperature: 6570
  m_UseColorTemperature: 0
  m_BoundingSphereOverride: {x: 0, y: 0, z: 0, w: 0}
  m_UseBoundingSphereOverride: 0
  m_ShadowRadius: 0
  m_ShadowAngle: 0
--- !u!4 &1157522822
Transform:
  m_ObjectHideFlags: 0
  m_CorrespondingSourceObject: {fileID: 0}
  m_PrefabInstance: {fileID: 0}
  m_PrefabAsset: {fileID: 0}
  m_GameObject: {fileID: 1157522820}
  m_LocalRotation: {x: 0.40821788, y: -0.23456968, z: 0.10938163, w: 0.8754261}
  m_LocalPosition: {x: 0, y: 3, z: 0}
  m_LocalScale: {x: 1, y: 1, z: 1}
  m_Children: []
  m_Father: {fileID: 0}
  m_RootOrder: 1
  m_LocalEulerAnglesHint: {x: 50, y: -30, z: 0}
--- !u!1 &1260702861 stripped
GameObject:
  m_CorrespondingSourceObject: {fileID: 2770175949939337243, guid: c557b48b1a168a541b0f775bce755045,
    type: 3}
  m_PrefabInstance: {fileID: 1069183720}
  m_PrefabAsset: {fileID: 0}
--- !u!114 &1260702862 stripped
MonoBehaviour:
  m_CorrespondingSourceObject: {fileID: 2770175949939337245, guid: c557b48b1a168a541b0f775bce755045,
    type: 3}
  m_PrefabInstance: {fileID: 1069183720}
  m_PrefabAsset: {fileID: 0}
  m_GameObject: {fileID: 1260702861}
  m_Enabled: 1
  m_EditorHideFlags: 0
  m_Script: {fileID: 11500000, guid: 4e29b1a8efbd4b44bb3f3716e73f07ff, type: 3}
  m_Name: 
  m_EditorClassIdentifier: 
--- !u!95 &1260702864
Animator:
  serializedVersion: 3
  m_ObjectHideFlags: 0
  m_CorrespondingSourceObject: {fileID: 0}
  m_PrefabInstance: {fileID: 0}
  m_PrefabAsset: {fileID: 0}
  m_GameObject: {fileID: 1260702861}
  m_Enabled: 1
  m_Avatar: {fileID: 0}
  m_Controller: {fileID: 9100000, guid: 8ed88bdecb330524e9bda82ab3163062, type: 2}
  m_CullingMode: 0
  m_UpdateMode: 0
  m_ApplyRootMotion: 0
  m_LinearVelocityBlending: 0
  m_WarningMessage: 
  m_HasTransformHierarchy: 1
  m_AllowConstantClipSamplingOptimization: 1
  m_KeepAnimatorControllerStateOnDisable: 0
--- !u!224 &1260702866 stripped
RectTransform:
  m_CorrespondingSourceObject: {fileID: 2770175949939337242, guid: c557b48b1a168a541b0f775bce755045,
    type: 3}
  m_PrefabInstance: {fileID: 1069183720}
  m_PrefabAsset: {fileID: 0}
--- !u!224 &1655495107 stripped
RectTransform:
  m_CorrespondingSourceObject: {fileID: 2770175949939337242, guid: c557b48b1a168a541b0f775bce755045,
    type: 3}
  m_PrefabInstance: {fileID: 2770175948368785881}
  m_PrefabAsset: {fileID: 0}
--- !u!1 &1709030799
GameObject:
  m_ObjectHideFlags: 0
  m_CorrespondingSourceObject: {fileID: 0}
  m_PrefabInstance: {fileID: 0}
  m_PrefabAsset: {fileID: 0}
  serializedVersion: 6
  m_Component:
  - component: {fileID: 1709030800}
  m_Layer: 5
  m_Name: MainMenu
  m_TagString: Untagged
  m_Icon: {fileID: 0}
  m_NavMeshLayer: 0
  m_StaticEditorFlags: 0
  m_IsActive: 1
--- !u!224 &1709030800
RectTransform:
  m_ObjectHideFlags: 0
  m_CorrespondingSourceObject: {fileID: 0}
  m_PrefabInstance: {fileID: 0}
  m_PrefabAsset: {fileID: 0}
  m_GameObject: {fileID: 1709030799}
  m_LocalRotation: {x: 0, y: 0, z: 0, w: 1}
  m_LocalPosition: {x: 0, y: 0, z: 0}
  m_LocalScale: {x: 1, y: 1, z: 1}
  m_Children:
  - {fileID: 1655495107}
  - {fileID: 1260702866}
  - {fileID: 2770175949121907566}
  m_Father: {fileID: 1969489607}
  m_RootOrder: 1
  m_LocalEulerAnglesHint: {x: 0, y: 0, z: 0}
  m_AnchorMin: {x: 0.5, y: 0.5}
  m_AnchorMax: {x: 0.5, y: 0.5}
  m_AnchoredPosition: {x: 237, y: 0}
  m_SizeDelta: {x: 100, y: 100}
  m_Pivot: {x: 0.5, y: 0.5}
--- !u!1 &1820843422 stripped
GameObject:
  m_CorrespondingSourceObject: {fileID: 2770175949939337243, guid: c557b48b1a168a541b0f775bce755045,
    type: 3}
  m_PrefabInstance: {fileID: 2770175948368785881}
  m_PrefabAsset: {fileID: 0}
--- !u!114 &1820843423 stripped
MonoBehaviour:
  m_CorrespondingSourceObject: {fileID: 2770175949939337245, guid: c557b48b1a168a541b0f775bce755045,
    type: 3}
  m_PrefabInstance: {fileID: 2770175948368785881}
  m_PrefabAsset: {fileID: 0}
  m_GameObject: {fileID: 1820843422}
  m_Enabled: 1
  m_EditorHideFlags: 0
  m_Script: {fileID: 11500000, guid: 4e29b1a8efbd4b44bb3f3716e73f07ff, type: 3}
  m_Name: 
  m_EditorClassIdentifier: 
--- !u!95 &1820843426
Animator:
  serializedVersion: 3
  m_ObjectHideFlags: 0
  m_CorrespondingSourceObject: {fileID: 0}
  m_PrefabInstance: {fileID: 0}
  m_PrefabAsset: {fileID: 0}
  m_GameObject: {fileID: 1820843422}
  m_Enabled: 1
  m_Avatar: {fileID: 0}
  m_Controller: {fileID: 9100000, guid: 8ed88bdecb330524e9bda82ab3163062, type: 2}
  m_CullingMode: 0
  m_UpdateMode: 0
  m_ApplyRootMotion: 0
  m_LinearVelocityBlending: 0
  m_WarningMessage: 
  m_HasTransformHierarchy: 1
  m_AllowConstantClipSamplingOptimization: 1
  m_KeepAnimatorControllerStateOnDisable: 0
--- !u!1 &1909607431
GameObject:
  m_ObjectHideFlags: 0
  m_CorrespondingSourceObject: {fileID: 0}
  m_PrefabInstance: {fileID: 0}
  m_PrefabAsset: {fileID: 0}
  serializedVersion: 6
  m_Component:
  - component: {fileID: 1909607434}
  - component: {fileID: 1909607433}
  - component: {fileID: 1909607432}
  m_Layer: 0
  m_Name: EventSystem
  m_TagString: Untagged
  m_Icon: {fileID: 0}
  m_NavMeshLayer: 0
  m_StaticEditorFlags: 0
  m_IsActive: 1
--- !u!114 &1909607432
MonoBehaviour:
  m_ObjectHideFlags: 0
  m_CorrespondingSourceObject: {fileID: 0}
  m_PrefabInstance: {fileID: 0}
  m_PrefabAsset: {fileID: 0}
  m_GameObject: {fileID: 1909607431}
  m_Enabled: 1
  m_EditorHideFlags: 0
  m_Script: {fileID: 11500000, guid: 01614664b831546d2ae94a42149d80ac, type: 3}
  m_Name: 
  m_EditorClassIdentifier: 
  m_MoveRepeatDelay: 0.5
  m_MoveRepeatRate: 0.1
  m_ActionsAsset: {fileID: -944628639613478452, guid: ca9f5fa95ffab41fb9a615ab714db018,
    type: 3}
  m_PointAction: {fileID: 1054132383583890850, guid: ca9f5fa95ffab41fb9a615ab714db018,
    type: 3}
  m_MoveAction: {fileID: -1680190386980627800, guid: ca9f5fa95ffab41fb9a615ab714db018,
    type: 3}
  m_SubmitAction: {fileID: 2064916234097673511, guid: ca9f5fa95ffab41fb9a615ab714db018,
    type: 3}
  m_CancelAction: {fileID: -1967631576421560919, guid: ca9f5fa95ffab41fb9a615ab714db018,
    type: 3}
  m_LeftClickAction: {fileID: 8056856818456041789, guid: ca9f5fa95ffab41fb9a615ab714db018,
    type: 3}
  m_MiddleClickAction: {fileID: 3279352641294131588, guid: ca9f5fa95ffab41fb9a615ab714db018,
    type: 3}
  m_RightClickAction: {fileID: 3837173908680883260, guid: ca9f5fa95ffab41fb9a615ab714db018,
    type: 3}
  m_ScrollWheelAction: {fileID: 4502412055082496612, guid: ca9f5fa95ffab41fb9a615ab714db018,
    type: 3}
  m_TrackedDevicePositionAction: {fileID: 4754684134866288074, guid: ca9f5fa95ffab41fb9a615ab714db018,
    type: 3}
  m_TrackedDeviceOrientationAction: {fileID: 1025543830046995696, guid: ca9f5fa95ffab41fb9a615ab714db018,
    type: 3}
  m_DeselectOnBackgroundClick: 0
  m_PointerBehavior: 0
--- !u!114 &1909607433
MonoBehaviour:
  m_ObjectHideFlags: 0
  m_CorrespondingSourceObject: {fileID: 0}
  m_PrefabInstance: {fileID: 0}
  m_PrefabAsset: {fileID: 0}
  m_GameObject: {fileID: 1909607431}
  m_Enabled: 1
  m_EditorHideFlags: 0
  m_Script: {fileID: 11500000, guid: 76c392e42b5098c458856cdf6ecaaaa1, type: 3}
  m_Name: 
  m_EditorClassIdentifier: 
  m_FirstSelected: {fileID: 0}
  m_sendNavigationEvents: 1
  m_DragThreshold: 10
--- !u!4 &1909607434
Transform:
  m_ObjectHideFlags: 0
  m_CorrespondingSourceObject: {fileID: 0}
  m_PrefabInstance: {fileID: 0}
  m_PrefabAsset: {fileID: 0}
  m_GameObject: {fileID: 1909607431}
  m_LocalRotation: {x: 0, y: 0, z: 0, w: 1}
  m_LocalPosition: {x: 0, y: 0, z: 0}
  m_LocalScale: {x: 1, y: 1, z: 1}
  m_Children: []
  m_Father: {fileID: 0}
  m_RootOrder: 3
  m_LocalEulerAnglesHint: {x: 0, y: 0, z: 0}
--- !u!1 &1969489603
GameObject:
  m_ObjectHideFlags: 0
  m_CorrespondingSourceObject: {fileID: 0}
  m_PrefabInstance: {fileID: 0}
  m_PrefabAsset: {fileID: 0}
  serializedVersion: 6
  m_Component:
  - component: {fileID: 1969489607}
  - component: {fileID: 1969489606}
  - component: {fileID: 1969489605}
  - component: {fileID: 1969489604}
  - component: {fileID: 1969489611}
  - component: {fileID: 1969489608}
  - component: {fileID: 1969489609}
  m_Layer: 5
  m_Name: Canvas
  m_TagString: Untagged
  m_Icon: {fileID: 0}
  m_NavMeshLayer: 0
  m_StaticEditorFlags: 0
  m_IsActive: 1
--- !u!114 &1969489604
MonoBehaviour:
  m_ObjectHideFlags: 0
  m_CorrespondingSourceObject: {fileID: 0}
  m_PrefabInstance: {fileID: 0}
  m_PrefabAsset: {fileID: 0}
  m_GameObject: {fileID: 1969489603}
  m_Enabled: 1
  m_EditorHideFlags: 0
  m_Script: {fileID: 11500000, guid: dc42784cf147c0c48a680349fa168899, type: 3}
  m_Name: 
  m_EditorClassIdentifier: 
  m_IgnoreReversedGraphics: 1
  m_BlockingObjects: 0
  m_BlockingMask:
    serializedVersion: 2
    m_Bits: 4294967295
--- !u!114 &1969489605
MonoBehaviour:
  m_ObjectHideFlags: 0
  m_CorrespondingSourceObject: {fileID: 0}
  m_PrefabInstance: {fileID: 0}
  m_PrefabAsset: {fileID: 0}
  m_GameObject: {fileID: 1969489603}
  m_Enabled: 1
  m_EditorHideFlags: 0
  m_Script: {fileID: 11500000, guid: 0cd44c1031e13a943bb63640046fad76, type: 3}
  m_Name: 
  m_EditorClassIdentifier: 
  m_UiScaleMode: 1
  m_ReferencePixelsPerUnit: 100
  m_ScaleFactor: 1
  m_ReferenceResolution: {x: 1920, y: 1080}
  m_ScreenMatchMode: 0
  m_MatchWidthOrHeight: 0
  m_PhysicalUnit: 3
  m_FallbackScreenDPI: 96
  m_DefaultSpriteDPI: 96
  m_DynamicPixelsPerUnit: 1
--- !u!223 &1969489606
Canvas:
  m_ObjectHideFlags: 0
  m_CorrespondingSourceObject: {fileID: 0}
  m_PrefabInstance: {fileID: 0}
  m_PrefabAsset: {fileID: 0}
  m_GameObject: {fileID: 1969489603}
  m_Enabled: 1
  serializedVersion: 3
  m_RenderMode: 0
  m_Camera: {fileID: 607494278}
  m_PlaneDistance: 100
  m_PixelPerfect: 0
  m_ReceivesEvents: 1
  m_OverrideSorting: 0
  m_OverridePixelPerfect: 0
  m_SortingBucketNormalizedSize: 0
  m_AdditionalShaderChannelsFlag: 25
  m_SortingLayerID: 0
  m_SortingOrder: 0
  m_TargetDisplay: 0
--- !u!224 &1969489607
RectTransform:
  m_ObjectHideFlags: 0
  m_CorrespondingSourceObject: {fileID: 0}
  m_PrefabInstance: {fileID: 0}
  m_PrefabAsset: {fileID: 0}
  m_GameObject: {fileID: 1969489603}
  m_LocalRotation: {x: 0, y: 0, z: 0, w: 1}
  m_LocalPosition: {x: 0, y: 0, z: 0}
  m_LocalScale: {x: 0, y: 0, z: 0}
  m_Children:
  - {fileID: 31213169}
  - {fileID: 1709030800}
  - {fileID: 2091029843}
  m_Father: {fileID: 0}
  m_RootOrder: 2
  m_LocalEulerAnglesHint: {x: 0, y: 0, z: 0}
  m_AnchorMin: {x: 0, y: 0}
  m_AnchorMax: {x: 0, y: 0}
  m_AnchoredPosition: {x: 0, y: 0}
  m_SizeDelta: {x: 0, y: 0}
  m_Pivot: {x: 0, y: 0}
--- !u!114 &1969489608
MonoBehaviour:
  m_ObjectHideFlags: 0
  m_CorrespondingSourceObject: {fileID: 0}
  m_PrefabInstance: {fileID: 0}
  m_PrefabAsset: {fileID: 0}
  m_GameObject: {fileID: 1969489603}
  m_Enabled: 1
  m_EditorHideFlags: 0
  m_Script: {fileID: 11500000, guid: 93ac13e1bc2046f4b945c50125cd497b, type: 3}
  m_Name: 
  m_EditorClassIdentifier: 
  optionMenu: {fileID: 2091029842}
  mainMenu: {fileID: 1709030799}
  master: {fileID: 719660324}
  play: {fileID: 1820843422}
  InputManager: {fileID: 1969489609}
  newGamePadConnect: 0
  sceneName: PrototypeVersion12
--- !u!114 &1969489609
MonoBehaviour:
  m_ObjectHideFlags: 0
  m_CorrespondingSourceObject: {fileID: 0}
  m_PrefabInstance: {fileID: 0}
  m_PrefabAsset: {fileID: 0}
  m_GameObject: {fileID: 1969489603}
  m_Enabled: 1
  m_EditorHideFlags: 0
  m_Script: {fileID: 11500000, guid: c0f82e9026710344693003c755249d15, type: 3}
  m_Name: 
  m_EditorClassIdentifier: 
  interactionInputData: {fileID: 11400000, guid: 77bec304d9cfdc64eaafd212f7702305,
    type: 2}
  actualSpeed: 0
  gamePadConnect: 0
  mouseActive: 0
  currentTime: 0
  isMoving: 0
  isCarrying: 0
  interactionOneTap: 0
  isPaused: 0
--- !u!114 &1969489611
MonoBehaviour:
  m_ObjectHideFlags: 0
  m_CorrespondingSourceObject: {fileID: 0}
  m_PrefabInstance: {fileID: 0}
  m_PrefabAsset: {fileID: 0}
  m_GameObject: {fileID: 1969489603}
  m_Enabled: 1
  m_EditorHideFlags: 0
  m_Script: {fileID: 11500000, guid: 9c9e162e2d7784142b92ff1b73e4ad84, type: 3}
  m_Name: 
  m_EditorClassIdentifier: 
--- !u!1 &2091029842 stripped
GameObject:
  m_CorrespondingSourceObject: {fileID: 2286886668952591900, guid: 94a067f652d0e8f4d92b389fbf064fe0,
    type: 3}
  m_PrefabInstance: {fileID: 2286886670233783118}
  m_PrefabAsset: {fileID: 0}
--- !u!224 &2091029843 stripped
RectTransform:
  m_CorrespondingSourceObject: {fileID: 2286886668952591901, guid: 94a067f652d0e8f4d92b389fbf064fe0,
    type: 3}
  m_PrefabInstance: {fileID: 2286886670233783118}
  m_PrefabAsset: {fileID: 0}
--- !u!1001 &2286886670233783118
PrefabInstance:
  m_ObjectHideFlags: 0
  serializedVersion: 2
  m_Modification:
    m_TransformParent: {fileID: 1969489607}
    m_Modifications:
    - target: {fileID: 1258568854, guid: 94a067f652d0e8f4d92b389fbf064fe0, type: 3}
      propertyPath: m_OnValueChanged.m_PersistentCalls.m_Calls.Array.data[0].m_Target
      value: 
      objectReference: {fileID: 1969489611}
    - target: {fileID: 2286886668723154098, guid: 94a067f652d0e8f4d92b389fbf064fe0,
        type: 3}
      propertyPath: m_OnValueChanged.m_PersistentCalls.m_Calls.Array.data[0].m_Target
      value: 
      objectReference: {fileID: 1969489611}
    - target: {fileID: 2286886668952591900, guid: 94a067f652d0e8f4d92b389fbf064fe0,
        type: 3}
      propertyPath: m_Name
      value: OptionMenu
      objectReference: {fileID: 0}
    - target: {fileID: 2286886668952591901, guid: 94a067f652d0e8f4d92b389fbf064fe0,
        type: 3}
      propertyPath: m_Pivot.x
      value: 0.5
      objectReference: {fileID: 0}
    - target: {fileID: 2286886668952591901, guid: 94a067f652d0e8f4d92b389fbf064fe0,
        type: 3}
      propertyPath: m_Pivot.y
      value: 0.5
      objectReference: {fileID: 0}
    - target: {fileID: 2286886668952591901, guid: 94a067f652d0e8f4d92b389fbf064fe0,
        type: 3}
      propertyPath: m_RootOrder
      value: 2
      objectReference: {fileID: 0}
    - target: {fileID: 2286886668952591901, guid: 94a067f652d0e8f4d92b389fbf064fe0,
        type: 3}
      propertyPath: m_AnchorMax.x
      value: 0.5
      objectReference: {fileID: 0}
    - target: {fileID: 2286886668952591901, guid: 94a067f652d0e8f4d92b389fbf064fe0,
        type: 3}
      propertyPath: m_AnchorMax.y
      value: 0.5
      objectReference: {fileID: 0}
    - target: {fileID: 2286886668952591901, guid: 94a067f652d0e8f4d92b389fbf064fe0,
        type: 3}
      propertyPath: m_AnchorMin.x
      value: 0.5
      objectReference: {fileID: 0}
    - target: {fileID: 2286886668952591901, guid: 94a067f652d0e8f4d92b389fbf064fe0,
        type: 3}
      propertyPath: m_AnchorMin.y
      value: 0.5
      objectReference: {fileID: 0}
    - target: {fileID: 2286886668952591901, guid: 94a067f652d0e8f4d92b389fbf064fe0,
        type: 3}
      propertyPath: m_SizeDelta.x
      value: 100
      objectReference: {fileID: 0}
    - target: {fileID: 2286886668952591901, guid: 94a067f652d0e8f4d92b389fbf064fe0,
        type: 3}
      propertyPath: m_SizeDelta.y
      value: 100
      objectReference: {fileID: 0}
    - target: {fileID: 2286886668952591901, guid: 94a067f652d0e8f4d92b389fbf064fe0,
        type: 3}
      propertyPath: m_LocalPosition.x
      value: 0
      objectReference: {fileID: 0}
    - target: {fileID: 2286886668952591901, guid: 94a067f652d0e8f4d92b389fbf064fe0,
        type: 3}
      propertyPath: m_LocalPosition.y
      value: 0
      objectReference: {fileID: 0}
    - target: {fileID: 2286886668952591901, guid: 94a067f652d0e8f4d92b389fbf064fe0,
        type: 3}
      propertyPath: m_LocalPosition.z
      value: 0
      objectReference: {fileID: 0}
    - target: {fileID: 2286886668952591901, guid: 94a067f652d0e8f4d92b389fbf064fe0,
        type: 3}
      propertyPath: m_LocalRotation.w
      value: 1
      objectReference: {fileID: 0}
    - target: {fileID: 2286886668952591901, guid: 94a067f652d0e8f4d92b389fbf064fe0,
        type: 3}
      propertyPath: m_LocalRotation.x
      value: 0
      objectReference: {fileID: 0}
    - target: {fileID: 2286886668952591901, guid: 94a067f652d0e8f4d92b389fbf064fe0,
        type: 3}
      propertyPath: m_LocalRotation.y
      value: 0
      objectReference: {fileID: 0}
    - target: {fileID: 2286886668952591901, guid: 94a067f652d0e8f4d92b389fbf064fe0,
        type: 3}
      propertyPath: m_LocalRotation.z
      value: 0
      objectReference: {fileID: 0}
    - target: {fileID: 2286886668952591901, guid: 94a067f652d0e8f4d92b389fbf064fe0,
        type: 3}
      propertyPath: m_AnchoredPosition.x
      value: 0
      objectReference: {fileID: 0}
    - target: {fileID: 2286886668952591901, guid: 94a067f652d0e8f4d92b389fbf064fe0,
        type: 3}
      propertyPath: m_AnchoredPosition.y
      value: 0
      objectReference: {fileID: 0}
    - target: {fileID: 2286886668952591901, guid: 94a067f652d0e8f4d92b389fbf064fe0,
        type: 3}
      propertyPath: m_LocalEulerAnglesHint.x
      value: 0
      objectReference: {fileID: 0}
    - target: {fileID: 2286886668952591901, guid: 94a067f652d0e8f4d92b389fbf064fe0,
        type: 3}
      propertyPath: m_LocalEulerAnglesHint.y
      value: 0
      objectReference: {fileID: 0}
    - target: {fileID: 2286886668952591901, guid: 94a067f652d0e8f4d92b389fbf064fe0,
        type: 3}
      propertyPath: m_LocalEulerAnglesHint.z
      value: 0
      objectReference: {fileID: 0}
    - target: {fileID: 2286886669854010984, guid: 94a067f652d0e8f4d92b389fbf064fe0,
        type: 3}
      propertyPath: m_OnValueChanged.m_PersistentCalls.m_Calls.Array.data[0].m_Target
      value: 
      objectReference: {fileID: 1969489611}
    - target: {fileID: 2286886670661214875, guid: 94a067f652d0e8f4d92b389fbf064fe0,
        type: 3}
      propertyPath: m_OnValueChanged.m_PersistentCalls.m_Calls.Array.data[0].m_Target
      value: 
      objectReference: {fileID: 1969489611}
    - target: {fileID: 4164988623458612489, guid: 94a067f652d0e8f4d92b389fbf064fe0,
        type: 3}
      propertyPath: m_OnClick.m_PersistentCalls.m_Calls.Array.data[0].m_Target
      value: 
      objectReference: {fileID: 1969489608}
    m_RemovedComponents: []
  m_SourcePrefab: {fileID: 100100000, guid: 94a067f652d0e8f4d92b389fbf064fe0, type: 3}
--- !u!1001 &2770175948368785881
PrefabInstance:
  m_ObjectHideFlags: 0
  serializedVersion: 2
  m_Modification:
    m_TransformParent: {fileID: 1709030800}
    m_Modifications:
    - target: {fileID: 2770175949384278556, guid: c557b48b1a168a541b0f775bce755045,
        type: 3}
      propertyPath: m_Name
      value: Play Button
      objectReference: {fileID: 0}
    - target: {fileID: 2770175949384278558, guid: c557b48b1a168a541b0f775bce755045,
        type: 3}
      propertyPath: m_fontColor.b
      value: 0.19215687
      objectReference: {fileID: 0}
    - target: {fileID: 2770175949384278558, guid: c557b48b1a168a541b0f775bce755045,
        type: 3}
      propertyPath: m_fontColor.g
      value: 0.63529414
      objectReference: {fileID: 0}
    - target: {fileID: 2770175949384278558, guid: c557b48b1a168a541b0f775bce755045,
        type: 3}
      propertyPath: m_fontColor.r
      value: 1
      objectReference: {fileID: 0}
    - target: {fileID: 2770175949384278558, guid: c557b48b1a168a541b0f775bce755045,
        type: 3}
      propertyPath: m_fontColor32.rgba
      value: 4281466367
      objectReference: {fileID: 0}
    - target: {fileID: 2770175949384278558, guid: c557b48b1a168a541b0f775bce755045,
        type: 3}
      propertyPath: m_enableVertexGradient
      value: 0
      objectReference: {fileID: 0}
    - target: {fileID: 2770175949939337242, guid: c557b48b1a168a541b0f775bce755045,
        type: 3}
      propertyPath: m_Pivot.x
      value: 0.5
      objectReference: {fileID: 0}
    - target: {fileID: 2770175949939337242, guid: c557b48b1a168a541b0f775bce755045,
        type: 3}
      propertyPath: m_Pivot.y
      value: 0.5
      objectReference: {fileID: 0}
    - target: {fileID: 2770175949939337242, guid: c557b48b1a168a541b0f775bce755045,
        type: 3}
      propertyPath: m_RootOrder
      value: 0
      objectReference: {fileID: 0}
    - target: {fileID: 2770175949939337242, guid: c557b48b1a168a541b0f775bce755045,
        type: 3}
      propertyPath: m_AnchorMax.x
      value: 0.5
      objectReference: {fileID: 0}
    - target: {fileID: 2770175949939337242, guid: c557b48b1a168a541b0f775bce755045,
        type: 3}
      propertyPath: m_AnchorMax.y
      value: 0.5
      objectReference: {fileID: 0}
    - target: {fileID: 2770175949939337242, guid: c557b48b1a168a541b0f775bce755045,
        type: 3}
      propertyPath: m_AnchorMin.x
      value: 0.5
      objectReference: {fileID: 0}
    - target: {fileID: 2770175949939337242, guid: c557b48b1a168a541b0f775bce755045,
        type: 3}
      propertyPath: m_AnchorMin.y
      value: 0.5
      objectReference: {fileID: 0}
    - target: {fileID: 2770175949939337242, guid: c557b48b1a168a541b0f775bce755045,
        type: 3}
      propertyPath: m_SizeDelta.x
      value: 195.6
      objectReference: {fileID: 0}
    - target: {fileID: 2770175949939337242, guid: c557b48b1a168a541b0f775bce755045,
        type: 3}
      propertyPath: m_SizeDelta.y
      value: 54.8
      objectReference: {fileID: 0}
    - target: {fileID: 2770175949939337242, guid: c557b48b1a168a541b0f775bce755045,
        type: 3}
      propertyPath: m_LocalPosition.x
      value: 0
      objectReference: {fileID: 0}
    - target: {fileID: 2770175949939337242, guid: c557b48b1a168a541b0f775bce755045,
        type: 3}
      propertyPath: m_LocalPosition.y
      value: 0
      objectReference: {fileID: 0}
    - target: {fileID: 2770175949939337242, guid: c557b48b1a168a541b0f775bce755045,
        type: 3}
      propertyPath: m_LocalPosition.z
      value: 0
      objectReference: {fileID: 0}
    - target: {fileID: 2770175949939337242, guid: c557b48b1a168a541b0f775bce755045,
        type: 3}
      propertyPath: m_LocalRotation.w
      value: 1
      objectReference: {fileID: 0}
    - target: {fileID: 2770175949939337242, guid: c557b48b1a168a541b0f775bce755045,
        type: 3}
      propertyPath: m_LocalRotation.x
      value: -0
      objectReference: {fileID: 0}
    - target: {fileID: 2770175949939337242, guid: c557b48b1a168a541b0f775bce755045,
        type: 3}
      propertyPath: m_LocalRotation.y
      value: -0
      objectReference: {fileID: 0}
    - target: {fileID: 2770175949939337242, guid: c557b48b1a168a541b0f775bce755045,
        type: 3}
      propertyPath: m_LocalRotation.z
      value: -0
      objectReference: {fileID: 0}
    - target: {fileID: 2770175949939337242, guid: c557b48b1a168a541b0f775bce755045,
        type: 3}
      propertyPath: m_AnchoredPosition.x
      value: 372
      objectReference: {fileID: 0}
    - target: {fileID: 2770175949939337242, guid: c557b48b1a168a541b0f775bce755045,
        type: 3}
      propertyPath: m_AnchoredPosition.y
      value: 100
      objectReference: {fileID: 0}
    - target: {fileID: 2770175949939337242, guid: c557b48b1a168a541b0f775bce755045,
        type: 3}
      propertyPath: m_LocalEulerAnglesHint.x
      value: 0
      objectReference: {fileID: 0}
    - target: {fileID: 2770175949939337242, guid: c557b48b1a168a541b0f775bce755045,
        type: 3}
      propertyPath: m_LocalEulerAnglesHint.y
      value: 0
      objectReference: {fileID: 0}
    - target: {fileID: 2770175949939337242, guid: c557b48b1a168a541b0f775bce755045,
        type: 3}
      propertyPath: m_LocalEulerAnglesHint.z
      value: 0
      objectReference: {fileID: 0}
    - target: {fileID: 2770175949939337243, guid: c557b48b1a168a541b0f775bce755045,
        type: 3}
      propertyPath: m_Name
      value: PlayButton
      objectReference: {fileID: 0}
    - target: {fileID: 2770175949939337245, guid: c557b48b1a168a541b0f775bce755045,
        type: 3}
      propertyPath: m_Transition
      value: 3
      objectReference: {fileID: 0}
    - target: {fileID: 2770175949939337245, guid: c557b48b1a168a541b0f775bce755045,
        type: 3}
      propertyPath: m_Interactable
      value: 1
      objectReference: {fileID: 0}
    - target: {fileID: 2770175949939337245, guid: c557b48b1a168a541b0f775bce755045,
        type: 3}
      propertyPath: m_Navigation.m_SelectOnUp
      value: 
      objectReference: {fileID: 0}
    - target: {fileID: 2770175949939337245, guid: c557b48b1a168a541b0f775bce755045,
        type: 3}
      propertyPath: m_Navigation.m_SelectOnDown
      value: 
      objectReference: {fileID: 1260702862}
    - target: {fileID: 2770175949939337245, guid: c557b48b1a168a541b0f775bce755045,
        type: 3}
      propertyPath: m_OnClick.m_PersistentCalls.m_Calls.Array.size
      value: 1
      objectReference: {fileID: 0}
    - target: {fileID: 2770175949939337245, guid: c557b48b1a168a541b0f775bce755045,
        type: 3}
      propertyPath: m_OnClick.m_PersistentCalls.m_Calls.Array.data[0].m_Mode
      value: 1
      objectReference: {fileID: 0}
    - target: {fileID: 2770175949939337245, guid: c557b48b1a168a541b0f775bce755045,
        type: 3}
      propertyPath: m_OnClick.m_PersistentCalls.m_Calls.Array.data[0].m_Target
      value: 
      objectReference: {fileID: 1969489608}
    - target: {fileID: 2770175949939337245, guid: c557b48b1a168a541b0f775bce755045,
        type: 3}
      propertyPath: m_OnClick.m_PersistentCalls.m_Calls.Array.data[0].m_CallState
      value: 2
      objectReference: {fileID: 0}
    - target: {fileID: 2770175949939337245, guid: c557b48b1a168a541b0f775bce755045,
        type: 3}
      propertyPath: m_OnClick.m_PersistentCalls.m_Calls.Array.data[0].m_MethodName
      value: PlayButton
      objectReference: {fileID: 0}
    - target: {fileID: 2770175949939337245, guid: c557b48b1a168a541b0f775bce755045,
        type: 3}
      propertyPath: m_OnClick.m_PersistentCalls.m_Calls.Array.data[0].m_Arguments.m_ObjectArgumentAssemblyTypeName
      value: UnityEngine.Object, UnityEngine
      objectReference: {fileID: 0}
    m_RemovedComponents: []
  m_SourcePrefab: {fileID: 100100000, guid: c557b48b1a168a541b0f775bce755045, type: 3}
--- !u!114 &2770175949121907561 stripped
MonoBehaviour:
  m_CorrespondingSourceObject: {fileID: 2770175949939337245, guid: c557b48b1a168a541b0f775bce755045,
    type: 3}
  m_PrefabInstance: {fileID: 835388276}
  m_PrefabAsset: {fileID: 0}
  m_GameObject: {fileID: 2770175949121907567}
  m_Enabled: 1
  m_EditorHideFlags: 0
  m_Script: {fileID: 11500000, guid: 4e29b1a8efbd4b44bb3f3716e73f07ff, type: 3}
  m_Name: 
  m_EditorClassIdentifier: 
--- !u!224 &2770175949121907566 stripped
RectTransform:
  m_CorrespondingSourceObject: {fileID: 2770175949939337242, guid: c557b48b1a168a541b0f775bce755045,
    type: 3}
  m_PrefabInstance: {fileID: 835388276}
  m_PrefabAsset: {fileID: 0}
--- !u!1 &2770175949121907567 stripped
GameObject:
  m_CorrespondingSourceObject: {fileID: 2770175949939337243, guid: c557b48b1a168a541b0f775bce755045,
    type: 3}
  m_PrefabInstance: {fileID: 835388276}
  m_PrefabAsset: {fileID: 0}
